 Dungeon Crawl Stone Soup version 0.31-a0-303-gdc8c9485ea (webtiles) character file.

Game seed: 11593440980098021466

274 Zonian the Ducker (level 6, -3/28 HPs)
             Began as a Felid Shapeshifter on July 16, 2023.
             Was a Follower of Uskayaw.
             Killed from afar by Ijyb (6 damage)
             ... with a puff of flame
             ... on level 4 of the Dungeon.
             The game lasted 00:09:42 (4727 turns).

Zonian the Ducker (Felid Shapeshifter)              Turns: 4727, Time: 00:09:42

Health: -3/28      AC:  2    Str: 13    XL:     6   Next: 3%
Magic:  7/7        EV: 19    Int: 10    God:    Uskayaw [*.....]
Gold:   143        SH:  0    Dex: 16    Spells: 5/5 levels left
                                        Lives:  0   Deaths: 1

rFire   . .          .
                       - Unarmed
rCold   . . .        (shield unavailable)
rNeg    . . .        (body armour unavailable)
rPois   .            (helmet unavailable)
rElec   .            (cloak unavailable)
rCorr   .            (gloves unavailable)
SInv    +            (boots unavailable)
Will    .....        (no amulet)
Stlth   +            d - ring of wizardry
HPRegen 0.24/turn    (no ring)
MPRegen 0.10/turn

%: wizardry (x1)
@: beast-form, quick
A: beast (slay +3), very small, claws 1, fangs 3, see invisible, speed 1, shaggy
fur 2, stealthy paws, no weapons or thrown items, no armour, multi-lived
a: Begin Untransformation, Renounce Religion, Stomp


You were on level 4 of the Dungeon.
You worshipped Uskayaw.
Uskayaw was noncommittal.
You were a hulking beast.
You visited 1 branch of the dungeon, and saw 4 of its levels.

You collected 213 gold pieces.
You spent 70 gold pieces at shops.

Inventory:

Missiles
 e - 5 poisoned darts
Jewellery
 d - a ring of wizardry (left paw)
 j - a ring of fire
Talismans
 b - a beast talisman
Wands
 h - a wand of quicksilver (3)
 k - a wand of flame (11)
 l - a wand of roots (10)
Scrolls
 c - a scroll of summoning {unknown}
 f - 2 scrolls of identify {unknown}
 g - a scroll of noise {unknown}
 i - a scroll of revelation {unknown}
 n - a scroll of teleportation {unknown}
 o - a scroll of brand weapon {unknown}
Potions
 a - a potion of lignification
 m - a potion of berserk rage {unknown}
 p - a potion of enlightenment {unknown}


   Skills:
 + Level 4.1 Fighting
 + Level 5.3 Dodging
 + Level 4.1 Unarmed Combat
 + Level 4.7 Shapeshifting


You had 5 spell levels left.
You didn't know any spells.
Your spell library contained the following spells:

 Spells                   Type           Power      Damage    Failure   Level
 Blink                    Tloc           0%         N/A       22%         2
 Lesser Beckoning         Tloc           0%         N/A       22%         2
 Momentum Strike          Conj/Tloc      0%         3d8       22%         2


Dungeon Overview and Level Annotations

Branches:
Dungeon (4/15)
 Temple: D:4-7

Altars:
Elyvilon
Nemelex Xobeh
Qazlal
Ru
Trog
Uskayaw

Shops:
D:2 ([!:[

Annotations:
D:2 Sigmund, Terence
D:4 Dowan, Edmund, Ijyb


Innate Abilities, Weirdness & Mutations

You are a hulking beast.
Your limbs bulge with bestial killing power. (Slay +3)
You have sharp claws.
You have razor-sharp teeth.
You have supernaturally acute eyesight. (SInv)
You cover ground quickly. (Speed+)
You are covered in thick fur. (AC +2)
Your paws help you pounce on unaware monsters.
You are incapable of wielding weapons or throwing items.
You cannot wear armour.
You gain extra lives every three experience levels.


Message History

The orc shouts!
You start waiting.
An orc is nearby!
An orc is nearby!
Unknown command.
The orc closely misses you.
You scratch the orc.
The orc is severely wounded.
The orc hits you with a +0 dagger.
You claw the orc!
You kill the orc!
You see here a +0 dagger.
You start resting.
HP restored.
You start waiting.
Ijyb is nearby!
Unknown command.
Ijyb shouts!
Ijyb misses you.
You scratch Ijyb but do no damage. Ijyb barely misses you.
You closely miss Ijyb.
Ijyb zaps a wand.
The puff of flame misses you.
You scratch Ijyb.
Ijyb is lightly wounded.
Ijyb misses you.
You barely miss Ijyb.
Ijyb is lightly wounded.
Ijyb zaps a wand.
The puff of flame hits you!
You scratch Ijyb.
Ijyb is moderately wounded.
You scratch Ijyb but do no damage.
Ijyb is moderately wounded.
Ijyb zaps a wand.
The puff of flame hits you!
You scratch Ijyb.
Ijyb is heavily wounded.
Ijyb zaps a wand.
The puff of flame hits you!
* * * LOW HITPOINT WARNING * * *
You scratch Ijyb. You bite Ijyb.
Ijyb is severely wounded.
Ijyb zaps a wand.
The puff of flame hits you.
You die...

#.# #.#.##.. #.#
#.#.##.#
#.#########.#.##..
#...............##
#.######........+ #.#
#........# #######.#
##.....###
#.......#######.###.###.
#.....gh.)..............
#.......#######.###.####
#.......#.........#.#
#..........####.#.#.####
#.......#.....#.#.#.....
#.....[.....#.#.#.######
###...... ......#.......
#........g..........##
#...................#


You could see Ijyb.

Vanquished Creatures
  Duvessa (D:4)
  An ogre (D:3)
  A scorpion (D:3)
  An orc priest (D:3)
  An iguana (D:4)
  An orc wizard (D:3)
  Natasha (thrice) (D:2)
  2 dart slugs
  4 orcs
  9 endoplasms
  4 giant cockroaches
  9 goblins
  9 hobgoblins
  7 jackals
  A quokka (D:4)
  12 ball pythons
  4 bats
  4 frilled lizards
  5 kobolds
  8 rats
87 creatures vanquished.

Notes
Turn   | Place    | Note
-------+----------+-------------------------------------------
     0 | D:1      | Zonian the Felid Shapeshifter began the quest for the Orb.
     0 | D:1      | Reached XP level 1. HP: 9/9 MP: 2/2
   399 | D:1      | Reached skill level 3 in Dodging
   425 | D:1      | Reached XP level 2. HP: 13/13 MP: 3/3
   597 | D:1      | Found a faded altar of an unknown god.
   707 | D:1      | Reached XP level 3. HP: 16/16 MP: 4/4
  1018 | D:2      | Found Xukkub's Distillery.
  1022 | D:2      | Noticed Terence
  1278 | D:2      | Found Dakh's Book Shoppe.
  1688 | D:2      | Found Qiutirij's Antique Weapon Emporium.
  1699 | D:2      | Bought a potion of heal wounds for 70 gold pieces
  1738 | D:2      | Noticed Natasha
  1755 | D:2      | Killed Natasha
  1866 | D:2      | Noticed Natasha
  1885 | D:2      | Killed Natasha
  1886 | D:2      | Reached XP level 4. HP: 13/20 MP: 5/5
  2018 | D:2      | Found Jama's Armour Shoppe.
  2019 | D:2      | Noticed Sigmund
  2115 | D:2      | Noticed Natasha
  2124 | D:2      | Killed Natasha
  2125 | D:2      | Reached skill level 4 in Dodging
  2194 | D:2      | Found Quntor's Antique Armour Shoppe.
  2369 | D:3      | Noticed an ogre
  2539 | D:3      | Killed an ogre
  2540 | D:3      | Reached XP level 5. HP: 24/24 MP: 6/6
  3049 | D:3      | Found a sacrificial altar of Ru.
  3049 | D:3      | Found a hide-covered altar of Uskayaw.
  3050 | D:3      | Found a bloodstained altar of Trog.
  3052 | D:3      | Found a sparkling altar of Nemelex Xobeh.
  3054 | D:3      | Found a stormy altar of Qazlal.
  3055 | D:3      | Found a white marble altar of Elyvilon.
  3059 | D:3      | Became a worshipper of Uskayaw the Reveller
  3179 | D:3      | Reached * piety under Uskayaw
  3182 | D:3      | Reached ** piety under Uskayaw
  3187 | D:3      | Reached *** piety under Uskayaw
  3188 | D:3      | Gained mutation: You are covered in thick fur. (AC +2)
                  | [Felid growth]
  3188 | D:3      | Reached XP level 6. HP: 25/28 MP: 7/7
  3328 | D:4      | Noticed Edmund
  3329 | D:4      | Noticed Duvessa
  3748 | D:3      | Reached skill level 5 in Dodging
  4089 | D:4      | Noticed Dowan
  4101 | D:4      | Killed Duvessa
  4105 | D:4      | Killed from afar by Dowan
  4106 | D:4      | Reached XP level 5. HP: -9/25 MP: 3/6
  4294 | D:4      | Noticed Ijyb
  4334 | D:4      | Reached XP level 6. HP: 28/28 MP: 7/7
  4727 | D:4      | Killed from afar by Ijyb

Illustrated notes

Levels and vault maps discovered:
D:1:      nicolae_arrival_memento_mori, layout_basic,
          hellmonk_ecumenical_altar_leap_of_faith, minivault_23,
          nicolae_houndstooth_variations
D:2:      layout_rooms, serial_shops, nicolae_shop_waterfront, shop,
          nicolae_shop_tiny_statue_garden, shop, shop, uniq_terence,
          uniq_natasha, uniq_sigmund
D:3:      layout_basic, minitemple
D:4:      layout_basic, uniq_ijyb, uniq_edmund, uniq_duvessa

Skill      XL: |  1  2  3  4  5  6 |
---------------+-------------------+-----
Dodging        | 3 4 5 |  5.3
Fighting       | 3 4 |  4.1
Unarmed Combat | 3 4 |  4.1
Shapeshifting  | 4 |  4.7

Action                     |  1- 3 |  4- 6 || total
---------------------------+-------+-------++-------
  Melee: Unarmed           |    80 |   116 ||   196
         Bite              |    12 |    11 ||    23
         Punch             |     5 |     3 ||     8
 Invoke: Line Pass         |       |     1 ||     1
  Evoke: Wand              |       |     6 ||     6
    Use: Potion            |       |     1 ||     1
   Stab: Sleeping          |     1 |     2 ||     3
         Paralysed         |       |     2 ||     2
         Confused          |       |     1 ||     1
 Armour: Skin              |     2 |     2 ||     4
  Dodge: Dodged            |    62 |    79 ||   141

Table legend: (Time is in decaauts)
 A = Elapsed time spent in this place.
 B = Non-inter-level travel time spent in this place.
 C = Inter-level travel time spent in this place.
 D = Time resting spent in this place.
 E = Time spent auto-exploring this place.
 F = Levels seen in this place.
 G = Mean time per level.
                   A        B        C        D        E       F      G
               +--------+--------+--------+--------+--------+-----+--------+
         Total |   4221 |   4041 |    180 |   1878 |   1295 |   4 | 1055.2 |
       Dungeon |   4221 |   4041 |    180 |   1878 |   1295 |   4 | 1055.2 |
               +--------+--------+--------+--------+--------+-----+--------+

Top non-repeatable levels by time:
     D:1: 1412 daAuts
     D:3: 1366 daAuts
     D:4: 789 daAuts
     D:2: 652 daAuts
